 Dungeon Crawl Stone Soup version 0.29.1-15-g9cfb28693d (webtiles) character file.

Game seed: 16350158409640421952

53 protoss039 the Digger (level 3, -1/26 HPs)
             Began as a Demonspawn Earth Elementalist on Mar 13, 2023.
             Slain by a gnoll
             ... wielding a +0 club
              (2 damage)
             ... on level 2 of the Dungeon.
             The game lasted 00:01:19 (1481 turns).

protoss039 the Digger (DsEE)                        Turns: 1481, Time: 00:01:20

Health: -1/26      AC: 14    Str:  8    XL:     3   Next: 62%
Magic:  3/6        EV: 10    Int: 18    God:
Gold:   7          SH:  0    Dex: 13    Spells: 4/7 levels left

rFire   . . .      SeeInvis .   h - +1 dagger (protect)
rCold   . . .      Faith    .   (no shield)
rNeg    . . .      Spirit   .   a - +0 ring mail
rPois   .          Reflect  .   (no helmet)
rElec   .          Harm     .   (no cloak)
rCorr   .          Rampage  .   (no gloves)
Will    .....                   (no boots)
Stlth   +.........              (no amulet)
HPRegen 0.08/turn               (no ring)
MPRegen 0.10/turn               (no ring)

@: under a protective aura
A: yellow scales 1, foul stench 1
a: no special abilities


You were on level 2 of the Dungeon.
You visited 1 branch of the dungeon, and saw 2 of its levels.

You collected 7 gold pieces.

Inventory:

Hand Weapons
 h - a +1 dagger of protection (weapon)
Armour
 a - a +0 ring mail (worn)
Scrolls
 c - a scroll of teleportation {unknown}
 f - a scroll of fear {unknown}
 g - 3 scrolls of identify {unknown}
Potions
 b - 3 potions of magic
 d - 2 potions of heal wounds {unknown}
 e - a potion of curing {unknown}


   Skills:
 + Level 1.4 Fighting
 + Level 1.2 Armour
 - Level 1.7 Dodging
 - Level 1.7 Stealth
 + Level 2.5 Spellcasting
 - Level 0.8 Transmutations
 + Level 3.1 Earth Magic


You had 4 spell levels left.
You knew the following spells:

 Your Spells              Type           Power      Damage    Failure   Level
a - Sandblast             Erth           26%        2d8       14%         1
b - Passwall              Tmut/Erth      7%         N/A       34%         2

Your spell library contained the following spells:

 Spells                   Type           Power      Damage    Failure   Level
 Stone Arrow              Conj/Erth      16%        3d8       63%         3
 Petrify                  Tmut/Erth      9%         N/A       92%         4


Dungeon Overview and Level Annotations

Branches:
Dungeon (2/15) Zot: 10510

Altars:


Innate Abilities, Weirdness & Mutations

You are partially covered in yellow scales. (AC +2)
You may rarely emit foul miasma when damaged in melee.


Message History

The gnoll is severely wounded.
The gnoll hits you but does no damage.
You hit the gnoll.
The gnoll is almost dead.
The gnoll hits you but does no damage.
You barely miss the gnoll.
The gnoll is almost dead.
The gnoll hits you but does no damage.
You hit the gnoll.
You kill the gnoll!
You hit the gnoll.
The gnoll is heavily wounded.
The gnoll completely misses you.
You hit the gnoll but do no damage.
The gnoll is heavily wounded.
The gnoll closely misses you.
You completely miss the gnoll.
The gnoll is heavily wounded.
The gnoll hits you with a +0 club.
* * * LOW HITPOINT WARNING * * *
You hit the gnoll but do no damage.
The gnoll is heavily wounded.
The gnoll hits you but does no damage.
You closely miss the gnoll.
The gnoll is moderately wounded.
The gnoll hits you with a +0 club.
* * * LOW HITPOINT WARNING * * *
You hit the gnoll but do no damage.
The gnoll is moderately wounded.
The gnoll hits you but does no damage.
You hit the gnoll.
The gnoll is heavily wounded.
The gnoll hits you but does no damage.
You closely miss the gnoll.
The gnoll is heavily wounded.
The gnoll hits you but does no damage.
You barely miss the gnoll. Your punch misses the gnoll.
The gnoll is heavily wounded.
The gnoll hits you with a +0 club.
You die...

. #...#..# ......#
#.#....# ......#
#.#.#.## ......+
#.#.#.# ......#
#.#.#.# ......#
#.#.#.# ......#
#.#.#.# ......#
#g#.... ......#
#@##### ......#
#######...#
####'#####......####
.........+......'..#
####.†...#......####
#.....#......#
#.....#......#
#.....#......#
#..)..#.....##


You could see a gnoll.

Vanquished Creatures
  3 gnolls (D:2)
  A dart slug (D:1)
  2 endoplasms (D:1)
  A giant cockroach (D:2)
  4 goblins
  A hobgoblin (D:1)
  A quokka (D:1)
  2 ball pythons
  2 bats (D:1)
  A frilled lizard (D:2)
  2 kobolds
  2 rats
22 creatures vanquished.

Notes
Turn   | Place    | Note
-------+----------+-------------------------------------------
     0 | D:1      | protoss039 the Demonspawn Earth Elementalist began the
                  | quest for the Orb.
     0 | D:1      | Reached XP level 1. HP: 13/13 MP: 3/3
   499 | D:1      | Gained mutation: You are partially covered in yellow
                  | scales. (AC +2) [demonic ancestry]
   499 | D:1      | Reached XP level 2. HP: 14/20 MP: 5/5
  1215 | D:1      | Learned a level 2 spell: Passwall
  1355 | D:2      | Reached skill level 1 in Fighting
  1357 | D:2      | Reached skill level 3 in Earth Magic
  1456 | D:2      | Reached skill level 1 in Armour
  1456 | D:2      | Gained mutation: You may rarely emit foul miasma when
                  | damaged in melee. [demonic ancestry]
  1456 | D:2      | Reached XP level 3. HP: 21/26 MP: 1/6
  1477 | D:2      | HP: 1/26 [gnoll/+0 club (4)]
  1481 | D:2      | Slain by a gnoll

Illustrated notes

Levels and vault maps discovered:
D:1:      lightli_arrival_flooded_house, layout_loops_corners
D:2:      layout_basic, kennysheep_generic_room_9, uniq_robin

Skill      XL: |  1  2 |
---------------+-------+-----
Fighting       | 1 |  1.4
Earth Magic    | 3 |  3.1
Armour         | 1 |  1.2
Dodging        | |  1.7
Stealth        | |  1.7
Spellcasting   | |  2.5
Transmutations | |  0.8

Action                   || total
-------------------------++-------
Melee: Short sword       ||    16
       Club              ||     3
       Unarmed           ||     1
       Dagger            ||    45
       Punch             ||     1
 Cast: Sandblast         ||    12
 Stab: Sleeping          ||     3
Armor: Ring mail         ||    28
Dodge: Dodged            ||    31
